 Dungeon Crawl Stone Soup version 0.28.0 (webtiles) character file.

Game seed: 8011221462592944475

908 crazypyro the Slasher (level 7, -9/61 HPs)
             Began as a Minotaur Fighter on Feb 8, 2022.
             Was a Follower of Ru.
             Mangled by an ogre (16 damage)
             ... on level 5 of the Dungeon.
             The game lasted 00:05:52 (3963 turns).

crazypyro the Slasher (Minotaur Fighter)            Turns: 3963, Time: 00:05:52

Health: -9/61      AC:  8    Str: 23    XL:     7   Next: 81%
Magic:  6/6        EV:  9    Int:  5    God:    Ru [*.....]
Gold:   225        SH:  4    Dex:  9    Spells: 6/6 levels left

rFire   . . .      SeeInvis .   j - +4 long sword
rCold   . . .      Faith    .   c - +0 buckler
rNeg    . . .      Spirit   .   b - +0 scale mail
rPois   .          Reflect  .   (helmet restricted)
rElec   .          Harm     .   (no cloak)
rCorr   .          Rampage  .   k - +0 pair of gloves
Will    +....                   (no boots)
Stlth   ..........              (no amulet)
HPRegen 0.20/turn               q - ring of willpower
MPRegen 0.10/turn               (no ring)

@: mighty
A: horns 2, inability to train dodging, retaliatory headbutt
a: Renounce Religion, Sacrifice Experience, Sacrifice Words, Sacrifice Stealth,
Reject Sacrifices


You were on level 5 of the Dungeon.
You worshipped Ru.
Ru was aware of your devotion.
You visited 1 branch of the dungeon, and saw 5 of its levels.

You collected 225 gold pieces.

Inventory:

Hand Weapons
 a - a +1 war axe
 g - a +5 short sword
 j - a +4 long sword (weapon)
Armour
 b - a +0 scale mail (worn)
 c - a +0 buckler (worn)
 k - a +0 pair of gloves (worn)
Jewellery
 q - a ring of willpower (left hand)
Scrolls
 e - 3 scrolls of identify
 f - 2 scrolls of magic mapping
Potions
 h - 2 potions of curing {unknown}
 i - 3 potions of flight
 l - 2 potions of heal wounds {unknown}
 m - a potion of experience {unknown}
 n - a potion of invisibility {unknown}
 o - a potion of haste {unknown}
 r - a potion of brilliance {unknown}


   Skills:
 - Level 5.0 Fighting
 * Level 7.2 Long Blades
 - Level 5.2 Axes
 - Level 5.0 Armour
 - Level 5.1 Shields


You had 6 spell levels left.
You didn't know any spells.
Your spell library contained the following spells:

 Spells                   Type           Power      Damage    Failure   Level
 Animate Skeleton         Necr           0%         N/A       86%         1
 Pain                     Necr           0%         1d4       86%         1
 Ensorcelled Hibernation  Hex/Ice        0%         N/A       94%         2
 Spider Form              Tmut/Pois      0%         N/A       99%         3
 Tukima's Dance           Hex            0%         N/A       99%         3
 Vampiric Draining        Necr           0%         2d6       99%         3
 Anguish                  Hex/Necr       0%         N/A       100%        4
 Olgreb's Toxic Radiance  Pois           0%         N/A       100%        4
 Passage of Golubria      Tloc           0%         N/A       100%        4
 Yara's Violent Unravell  Hex/Tmut       0%         3d3       100%        5
 Ozocubu's Refrigeration  Ice            0%         4d5       100%        7
 Ignition                 Fire           0%         3d3       100%        8


Dungeon Overview and Level Annotations

Branches:
Dungeon (5/15)             Temple (0/1) D:4

Altars:
Ru
Yredelemnul
Zin

Shops:
D:1 !   D:4 (

Annotations:
D:5 Edmund


Innate Abilities, Weirdness & Mutations

You have a pair of horns on your head.
You cannot train Dodging skill.
You reflexively headbutt those who attack you in melee.


Message History

The gnoll hits you from afar with a +0 halberd.
You miss the ufetubus. The ufetubus hits you.
The ufetubus hits you but does no damage.
The gnoll barely misses you.
A jelly comes into view.
The ufetubus hits you but does no damage.
The ufetubus barely misses you.
You slash the ufetubus!
You kill the ufetubus!
The gnoll hits you from afar with a +0 halberd.
The gnoll hits you from afar with a +0 halberd!
Your Long Blades skill increases to level 7!
You are too injured to fight recklessly!
You are too injured to fight recklessly!
Unknown command.
The gnoll hits you with a +0 halberd.
* * * LOW HITPOINT WARNING * * *
Things that are here:
a +0 club; a gnoll corpse You barely miss the gnoll.
The jelly hits you but does no damage. The gnoll hits you with a +0 halberd.
* * * LOW HITPOINT WARNING * * *
You slash the gnoll!
You kill the gnoll!
An ogre comes into view. It is wielding a +0 giant club.
You block the jelly's attack.
You slash the jelly!
Your hands burn!
* * * LOW HITPOINT WARNING * * *
You headbutt the jelly.
You kill the jelly!
Edmund says, "Maybe I'll buy a title.
How does Count Edmund sound?"
Edmund barely misses you.
Edmund hits you with a +6 flail of protection.
* * * LOW HITPOINT WARNING * * *
A jelly comes into view.
You feel very mighty all of a sudden.
The sentinel's mark upon you fades away.
An ogre comes into view. It is wielding a +0 giant club.
Edmund completely misses you. The ogre hits you with a +0 giant club!
You die...

..................#..........
...##...##........##......###
........#..........#....###
.#####......................
.........##................#
####....##O...)..........###
####.##J###..._...#####
####[O####...###
#....@@).##### #....#)!..#
#....####.†....# #....)
##...### ##?... #### .....
#....


You could see Edmund, 2 ogres and a jelly.

Vanquished Creatures
  An ice beast (D:4)
  A necrophage (D:5)
  2 ogres (D:4)
  A hound (D:3)
  A bullfrog skeleton (D:3)
  A jelly (D:5)
  An iguana (D:4)
  3 orc wizards (D:3)
  A scorpion zombie (D:5)
  3 hound skeletons (D:4)
  Robin (D:4)
  6 gnolls
  7 adders
  A howler monkey skeleton (D:5)
  4 ufetubi
  2 adder skeletons (D:4)
  4 worms
  5 dart slugs
  8 orcs
  12 ball pythons
  5 endoplasms
  6 giant cockroaches
  12 goblins
  8 hobgoblins
  7 jackals
  9 quokkas
  6 bats
  2 frilled lizards
  12 kobolds
  7 rats
139 creatures vanquished.

Vanquished Creatures (others)
  3 fungi (D:5)
3 creatures vanquished.

Grand Total: 142 creatures vanquished

Notes
Turn   | Place    | Note
-------+----------+-------------------------------------------
     0 | D:1      | crazypyro the Minotaur Fighter began the quest for the Orb.
     0 | D:1      | Reached XP level 1. HP: 19/19 MP: 0/0
    46 | D:1      | Found Wylar's Distillery.
    96 | D:1      | Reached XP level 2. HP: 13/27 MP: 1/1
   595 | D:1      | Found a faded altar of an unknown god.
   787 | D:1      | Prayed at the altar of an unknown god.
   787 | D:1      | Became a worshipper of Ru the Awakened
   794 | D:1      | Gained mutation: You cannot train Dodging skill. [Ru
                  | sacrifice]
   794 | D:1      | Reached * piety under Ru
   964 | D:2      | Reached XP level 3. HP: 33/33 MP: 2/2
  1222 | D:2      | Reached XP level 4. HP: 19/40 MP: 3/3
  1570 | D:3      | Reached XP level 5. HP: 27/47 MP: 4/4
  1951 | D:3      | Reached skill level 5 in Axes
  2396 | D:3      | Reached XP level 6. HP: 29/55 MP: 5/5
  2829 | D:4      | Found Pighujay's Antique Weapon Shop.
  2847 | D:4      | Reached skill level 5 in Armour
  2986 | D:4      | Reached skill level 5 in Fighting
  3015 | D:4      | Reached skill level 5 in Shields
  3023 | D:4      | Reached skill level 1 in Long Blades
  3055 | D:4      | Noticed Robin
  3063 | D:4      | Killed Robin
  3070 | D:4      | Reached skill level 2 in Long Blades
  3150 | D:4      | Reached skill level 3 in Long Blades
  3206 | D:4      | Found a staircase to the Ecumenical Temple.
  3272 | D:4      | Noticed an ice beast
  3283 | D:4      | Killed an ice beast
  3284 | D:4      | Reached skill level 4 in Long Blades
  3284 | D:4      | Reached XP level 7. HP: 61/61 MP: 6/6
  3303 | D:4      | Reached skill level 5 in Long Blades
  3870 | D:5      | Entered Level 5 of the Dungeon
  3872 | D:5      | Found a glowing silver altar of Zin.
  3875 | D:5      | Found a basalt altar of Yredelemnul.
  3880 | D:5      | Reached skill level 6 in Long Blades
  3951 | D:5      | Noticed Edmund
  3958 | D:5      | Reached skill level 7 in Long Blades
  3963 | D:5      | Mangled by an ogre

Illustrated notes

Levels and vault maps discovered:
D:1:      dpeg_arrival_chambers_temple_mockup, layout_rooms, serial_shops,
          nicolae_square_shop, shapermc_ecumenical_altar_mp_highgroup,
          grunt_decor_cap
D:2:      layout_rooms, minmay_crystal_water
D:3:      minmay_recursive_quarters, layout_basic, roderic_roman_lattice,
          minmay_fractal_squares_diagonal_5
D:4:      minmay_chambers_of_threes, layout_cave_pools,
          minmay_temple_entry_sparse_star, serial_shops, nicolae_stop_n_shop_1,
          uniq_robin
D:5:      lemuel_insect_pit, layout_cave_pools,
          mainiacjoe_overflow_cross_hatched, mainiacjoe_overflow_catch_the_wave,
          uniq_edmund

Skill      XL: |  1  2  3  4  5  6  7 |
---------------+----------------------+-----
Axes           | 3 4 5 |  5.2
Fighting       | 4 5 |  5.0
Armour         | 4 5 |  5.0
Shields        | 4 5 |  5.1
Long Blades    | 4 7 |  7.2

Action                   |  1- 3 |  4- 6 |  7- 9 || total
-------------------------+-------+-------+-------++-------
Melee: War axe           |    22 |   127 |    22 ||   171
       Headbutt          |     7 |    22 |    13 ||    42
       Short sword       |    64 |    42 |       ||   106
       Long sword        |       |       |    22 ||    22
Invok: Sacrifice Nimblen |     1 |       |       ||     1
  Use: Scroll            |       |       |     8 ||     8
       Potion            |       |       |     1 ||     1
Armor: Scale mail        |    40 |   102 |    38 ||   180
Dodge: Dodged            |    32 |    74 |    32 ||   138
Block: Buckler           |    23 |    40 |    14 ||    77
